 Dungeon Crawl Stone Soup version 0.31.0-9-g3a7656b989 (webtiles) character file.

Game seed: 9804416731264736985

190 qw the Skirmisher (level 5, -2/29 HPs)
             Began as a Deep Elf Hunter on Feb 2, 2024.
             Incinerated by a bombardier beetle (6 damage)
             ... with a burning spray
             ... on level 3 of the Dungeon.
             The game lasted 00:00:08 (1608 turns).

qw the Skirmisher (Deep Elf Hunter)                 Turns: 1608, Time: 00:00:08

Health: -2/29      AC:  6    Str: 10    XL:     5   Next: 41%
Magic:  7/7        EV: 11    Int: 14    God:
Gold:   148        SH:  0    Dex: 18    Spells: 4/4 levels left

rFire   . . .        a - +2 shortbow
rCold   . . .        (shield currently unavailable)
rNeg    . . .        d - +0 ring mail
rPois   .            (no helmet)
rElec   .            (no cloak)
rCorr   .            (no gloves)
SInv    .            h - +0 pair of boots
Will    .....        (no amulet)
Stlth   +            o - +4 ring of slaying {mikee}
HPRegen 0.24/turn    (no ring)
MPRegen 0.10/turn

%: no passive effects
@: on fire, glowing
A: no striking features
a: no special abilities


You were on level 3 of the Dungeon.
You visited 1 branch of the dungeon, and saw 3 of its levels.

You collected 148 gold pieces.


   Skills:
 - Level 1.5 Fighting
 + Level 8.9 Ranged Weapons
 - Level 2.4 Dodging
 - Level 1.2 Stealth


You had 4 spell levels left.
You didn't know any spells.
Your spell library was empty.

Inventory:

Hand Weapons
 a - a +2 shortbow (weapon)
Armour
 d - a +0 ring mail (worn)
 h - a +0 pair of boots (worn)
Jewellery
 g - a ring of fire
 k - a ring of ice
 o - a +4 ring of slaying (left hand) {mikee}
Wands
 c - a wand of flame (27)
Scrolls
 b - a scroll of fear {unknown}
 f - a scroll of enchant armour {unknown}
 l - a scroll of identify
Potions
 e - 3 potions of haste
 i - a potion of curing
 j - a potion of heal wounds {unknown}

Dungeon Overview and Level Annotations

Branches:
Dungeon (3/15)

Altars:
Qazlal
Ru

Annotations:
D:3 2 transporters


Message History

The shadow imp lashes its tail.
You now have 133 gold pieces (gained 3).
You now have 148 gold pieces (gained 15).
You open the door. You open the door.
There is an open door here.
You open the door.
Found a book of Dreams.
There is an open door here.
l - a scroll of identify You open the door.
You open the door.
There is an open door here.
A bombardier beetle comes into view.
You shoot an arrow. The arrow hits the bombardier beetle.
The bombardier beetle is lightly wounded.
The bombardier beetle sprays incendiary fluid at you.
The burning spray hits you.
You are covered in liquid fire!
You shoot an arrow.
The arrow hits the bombardier beetle but does no damage.
The bombardier beetle is lightly wounded.
The liquid fire burns you!
You shoot an arrow. The arrow hits the bombardier beetle!
The bombardier beetle is almost dead.
The liquid fire burns you!
You shoot an arrow. The arrow hits the bombardier beetle!
You kill the bombardier beetle!
The liquid fire burns you!
You are on fire!
The liquid fire burns you!
You are on fire!
The liquid fire burns you!
You are on fire!
The liquid fire burns you!
You are on fire!
The liquid fire burns you!
You are on fire!
The liquid fire burns you!
You die...

## ################
.. ........#.......
#.#########.#.######
#..@..........#
#..#####....########
#.. #............
#.. #..#########.
#.. #.........<#.
#.. #...#########
#.. #............
#..#####.#.#########
..............(##..


There were no monsters in sight!

Vanquished Creatures
  A bombardier beetle (D:3)
  An orc wizard (D:3)
  3 adders
  A gnoll (D:1)
  2 ribbon worms (D:2)
  3 dart slugs
  3 orcs (D:3)
  6 endoplasms
  5 giant cockroaches
  3 goblins (D:2)
  12 hobgoblins
  6 jackals
  A kobold (D:2)
  A quokka (D:2)
  7 ball pythons
  14 bats
  2 frilled lizards
  3 rats
74 creatures vanquished.

Notes
Turn   | Place    | Note
-------+----------+-------------------------------------------
     0 | D:1      | qw the Deep Elf Hunter began the quest for the Orb.
     0 | D:1      | Reached XP level 1. HP: 12/12 MP: 3/3
     0 | D:1      | 0 ||| qw: Version: 0.3-a-155-g5e7d8dd
     0 | D:1      | 0 ||| qw: Game counter: 563
     0 | D:1      | 0 ||| qw: Melee chars always use a shield: true
     0 | D:1      | 0 ||| qw: God list: Okawaru
     0 | D:1      | 0 ||| qw: Allow faded altars: false
     0 | D:1      | 0 ||| qw: Do Orc after clearing Dungeon:15 true
     0 | D:1      | 0 ||| qw: Do second Lair branch before Depths: true
     0 | D:1      | 0 ||| qw: Lair rune preference: random
     0 | D:1      | 0 ||| qw: Goals: Normal
     0 | D:1      | 0 ||| PLANNING D:1-11
    34 | D:1      | HP: 3/12 [hobgoblin (2)]
    92 | D:1      | Reached XP level 2. HP: 16/16 MP: 4/4
   103 | D:1      | Reached skill level 6 in Ranged Weapons
   294 | D:1      | Reached XP level 3. HP: 20/20 MP: 5/5
   481 | D:1      | 481 ||| UPGRADING to +0 ring mail.
   491 | D:1      | 491 ||| DROPPING +0 leather armour.
   492 | D:1      | 492 ||| UPGRADING to +0 pair of boots.
   497 | D:1      | 497 ||| READING 3 scrolls labelled MYRANEDD IRERCH.
   497 | D:1      | 497 ||| IDENTIFYING purple potion
   498 | D:1      | 498 ||| READING 2 scrolls of identify.
   498 | D:1      | 498 ||| IDENTIFYING pink potion
   499 | D:1      | 499 ||| READING scroll of identify.
   499 | D:1      | 499 ||| IDENTIFYING scroll labelled CUEQEYFR OWUEH
   500 | D:1      | 500 ||| DROPPING scroll of butterflies.
   501 | D:1      | 501 ||| DROPPING scroll of immolation.
   530 | D:2      | Reached skill level 7 in Ranged Weapons
   638 | D:2      | Reached XP level 4. HP: 25/25 MP: 6/6
   966 | D:2      | Found a stormy altar of Qazlal.
  1087 | D:2      | 1087 ||| UPGRADING to +4 ring of slaying {mikee}.
  1088 | D:2      | 1088 ||| READING scroll of identify.
  1088 | D:2      | 1088 ||| IDENTIFYING murky purple potion
  1089 | D:2      | 1089 ||| READING scroll labelled SIKAPT KEOCUI.
  1090 | D:2      | 1090 ||| READING scroll labelled NUCHEO CAEFU.
  1091 | D:2      | 1091 ||| READING scroll labelled CYNI OTTUCS.
  1091 | D:2      | 1091 ||| ENCHANTING +0 shortbow.
  1092 | D:2      | 1092 ||| READING scroll labelled WUULEO JUYGHYI.
  1093 | D:2      | 1093 ||| READING scroll labelled QEGOUZ ILIWY.
  1094 | D:2      | 1094 ||| READING scroll labelled WINO GUCOAS.
  1095 | D:2      | 1095 ||| DROPPING potion of degeneration.
  1144 | D:3      | Reached skill level 8 in Ranged Weapons
  1176 | D:3      | 1176 ||| READING scroll of enchant weapon.
  1176 | D:3      | 1176 ||| ENCHANTING +1 shortbow.
  1272 | D:3      | Reached XP level 5. HP: 23/29 MP: 7/7
  1342 | D:3      | Found a sacrificial altar of Ru.
  1468 | D:3      | Found a transporter.
  1495 | D:3      | Found a transporter.
  1606 | D:3      | HP: 7/29 [burnt (4)]
  1608 | D:3      | Incinerated by a bombardier beetle

Levels and vault maps discovered:
D:1:      grunt_arrival_lava_bath, layout_rooms, kennysheep_another_room,
          minmay_hexomino_c4
D:2:      layout_basic, basic_altar, minmay_goblin_kobold_house
D:3:      gammafunk_wand_slinger, layout_basic, hangedman_ru_absence

Skill      XL: |  1  2  3  4 |
---------------+-------------+-----
Ranged Weapons | 6 7 8 |  8.9
Fighting       | |  1.5
Dodging        | |  2.4
Stealth        | |  1.2

Action                     |  1- 3 |  4- 6 || total
---------------------------+-------+-------++-------
   Fire: Shortbow          |   107 |    93 ||   200
    Use: Scroll            |     3 |     8 ||    11
 Armour: Leather armour    |    17 |       ||    17
         Ring mail         |     3 |    30 ||    33
  Dodge: Dodged            |    41 |    31 ||    72

Table legend:
 A = Non-vault XP
 B = Vault XP
 C = Vault XP percentage of total XP
 D = Non-vault monster count
 E = Vault monster count
 F = Vault count percentage of total count
                 A         B        C        D         E       F
            +---------+---------+-------+---------+---------+-------
      Total |     252 |      20 |   7.4 |      62 |      12 |  16.2
            +---------+---------+-------+---------+---------+-------
        D:1 |      47 |      11 |  19.0 |      21 |       7 |  25.0
        D:2 |      80 |       9 |  10.1 |      26 |       5 |  16.1
        D:3 |     125 |       0 |   0.0 |      15 |       0 |   0.0
            +---------+---------+-------+---------+---------+-------
